 Dungeon Sprint DCSS version 0.21.1-1-g345015f (webtiles) character file.

0 Psiloshibe the Slasher (level 2, 0/26 HPs)
             Began as a Barachi Berserker on June 10, 2018.
             Was a Follower of Trog.
             Splashed by a jelly's acid (1 damage)
             ... in the Dungeon (Sprint VI: "Thunderdome").
             The game lasted 00:00:59 (84 turns).

Psiloshibe the Slasher (Barachi Berserker)            Turns: 84, Time: 00:00:59

Health: 0/26       AC:  2    Str: 20    XL:     2   Next: 16%
Magic:  2/2        EV:  9    Int:  7    God:    Trog [*.....]
Gold:   65         SH:  0    Dex: 11    Spells: 1/1 levels left

rFire    + . .     SeeInvis +   a - +0 falchion
rCold    x . .     Gourm    +   (no shield)
rNeg     . . .     Faith    .   b - +0 animal skin
rPois    .         Spirit   .   (no helmet)
rElec    .         Reflect  .   (no cloak)
rCorr    .         Harm     .   (no gloves)
MR       .....     NoTele   +   (no boots)
Stlth    ++........             p - amulet "Iraariurchy" {Gourm Stlth+}
HPRegen  0.08/turn              n - ring "Oskovung" {Fire +Fly}
MPRegen  0.08/turn              o - ring "Unnaroc" {EV-3 Str+2 SInv} (curse)

@: slow
A: +LOS, swims, slowness 1, strong legs 1
a: Hop, Berserk, Burn Spellbooks, Renounce Religion, Evoke Flight


You were in the Dungeon.
You worshipped Trog.
Trog was aware of your devotion.
You were not hungry.

You visited 1 branch You collected 200 gold pieces.
You spent 135 gold pieces at shops.

Inventory:

Hand Weapons
 a - a +0 falchion (weapon)
Armour
 b - a +0 animal skin (worn)
Jewellery
 n - the ring "Oskovung" (left hand) {Fire +Fly}
   (You bought it in a shop in the Dungeon)

   [ring of fire]

   It enhances your fire magic.
   It protects you from fire.
   It makes you vulnerable to cold.
   It lets you fly.
 o - the cursed ring "Unnaroc" (right hand) {EV-3 Str+2 SInv}
   (You bought it in a shop in the Dungeon)

   [ring of evasion]

   It affects your evasion (-3).
   It affects your strength (+2).
   It lets you see invisible.
   It has a curse placed upon it.
 p - the amulet "Iraariurchy" (around neck) {Gourm Stlth+}
   (You bought it in a shop in the Dungeon)

   [amulet of the gourmand]

   It allows you to eat raw meat even when not hungry.
   It makes you more stealthy.
Wands
 k - a wand of acid (5)
 l - a wand of iceblast (5)
Scrolls
 i - 4 scrolls of blinking
 m - 3 scrolls of fog
Potions
 d - a potion of curing
 e - 4 potions of heal wounds
 f - 4 potions of haste
 g - 2 potions of magic
 h - a potion of berserk rage
 j - a potion of resistance
Comestibles
 c - a ration


   Skills:
 + Level 4.7 Fighting
 + Level 4.7 Long Blades
 * Level 0.6 Throwing
 + Level 2.8 Armour
 + Level 2.5 Dodging


You had one spell level left.
You didn't know any spells.

Dungeon Overview and Level Annotations

Branches:
Dungeon (1/1)

Altars:
Cheibriados
Dithmenos
Fedhas
Gozag
Kikubaaqudgha
Makhleb
Okawaru
Qazlal
Ru
Sif Muna
Trog
Uskayaw
Vehumet
Wu Jian
Xom
Yredelemnul
Zin
The Shining One
Beogh
Jiyva
Lugonu

Shops:
D *[%???:(!!!!


Innate Abilities, Weirdness & Mutations

Shadows flee at your approach. (+LOS)
You can swim through water.
You cover ground slowly.
You can hop short distances.


Message History

The ooze is almost dead.
The ooze hits you.
You hit the ooze.
You kill the ooze!
Trog accepts your kill.
You have reached level 2!
A jelly comes into view.
The jelly quivers.
You hit the jelly.
Your hands burn!
The jelly is lightly wounded.
The jelly barely misses you.
You hit the jelly.
Your hands burn!
The jelly is moderately wounded.
The jelly barely misses you. The jelly hits you.
You are splashed with acid!
The acid burns!
* * * LOW HITPOINT WARNING * * *
An ooze comes into view.
The ooze quivers.
You hit the jelly.
Your hands burn!
You die...

#⌠...........⌠#
####.8.........8.######
___......###......_._∩##
.......8.# #.8........∩###
.........###.............##
......###...###..........⌠#
......# #.<.# #..........⌠#
......###...###..........⌠#
.........###....@........##
.......8.# #.8..J.....∩###
.__......# #......___∩##
####.8.........8.######
#⌠...J.......§#
###.........### #_......._#
#_......._ #_......._


You could see a jelly and an ooze.

Vanquished Creatures
  2 oozes (D)
2 creatures vanquished.

Notes
Turn   | Place    | Note
-------+----------+-------------------------------------------
     0 | D        | Psiloshibe the Barachi Berserker began the quest for the Orb.
     0 | D        | Reached XP level 1. HP: 18/18 MP: 1/1
     0 | D        | Found a blossoming altar of Fedhas.
     0 | D        | Found a corrupted altar of Lugonu.
     3 | D        | Found a bloodstained altar of Trog.
     3 | D        | Found a viscous altar of Jiyva.
     4 | D        | Found an iron altar of Okawaru.
     4 | D        | Found an ancient bone altar of Kikubaaqudgha.
     5 | D        | Found a shadowy altar of Dithmenos.
     5 | D        | Round 1.
     6 | D        | Found Geutwo's Identification Station.
     6 | D        | Found a burning altar of Makhleb.
     6 | D        | Found Wiylepta's Delicious Food.
     6 | D        | Found a hide-covered altar of Uskayaw.
     7 | D        | Found Umoaw's Advanced Armour.
     7 | D        | Found Gicuho Gung's Jewellery.
     7 | D        | Found a roughly hewn altar of Beogh.
     7 | D        | Found a basalt altar of Yredelemnul.
     7 | D        | Found an ornate altar of the Wu Jian Council.
     7 | D        | Found a shimmering altar of Xom.
    24 | D        | Bought a brightly glowing copper ring for 45 gold pieces
    24 | D        | Bought a fine lead ring for 45 gold pieces
    24 | D        | Bought a sparkling sapphire amulet for 45 gold pieces
    24 | D        | Identified the ring "Oskovung" {Fire +Fly} (You bought it in a shop in the Dungeon)
    25 | D        | Identified the cursed ring "Unnaroc" {EV-3 Str+2 SInv} (You bought it in a shop in the Dungeon)
    26 | D        | Identified the amulet "Iraariurchy" {Gourm Stlth+} (You bought it in a shop in the Dungeon)
    40 | D        | Found a glowing golden altar of the Shining One.
    41 | D        | Found a sacrificial altar of Ru.
    42 | D        | Found a deep blue altar of Sif Muna.
    42 | D        | Found a snail-covered altar of Cheibriados.
    42 | D        | Found Cuag's Magic Scroll Shop.
    42 | D        | Found Diwieny's Staff Store.
    43 | D        | Found Gedah's Magic Scroll Shop.
    43 | D        | Found Hileh's Must-Have Magic.
    62 | D        | Found a radiant altar of Vehumet.
    63 | D        | Found Gakleb's Distillery.
    64 | D        | Found an opulent altar of Gozag.
    64 | D        | Found Byrchelut's Distillery.
    64 | D        | Found Tagokea's Bottled Wisdom.
    65 | D        | Found a glowing silver altar of Zin.
    65 | D        | Found a stormy altar of Qazlal.
    65 | D        | Found Tukofela's Do-It-Yourself Clinic.
    68 | D        | Reached XP level 2. HP: 16/26 MP: 2/2
    83 | D        | HP: 1/26 [acid (8)]
    84 | D        | Splashed by a jelly's acid

Skill      XL: |  1 |
---------------+----+-----
Fighting       | 4 |  4.7
Long Blades    | 4 |  4.7
Throwing       | |  0.6
Armour         | |  2.8
Dodging        | |  2.5

Action                   || total
-------------------------++-------
Melee: Falchion          ||     7
Dodge: Dodged            ||     3
       Rpst.: Falchion   ||     1
